 Dungeon Crawl Stone Soup version bcrawl-1.40 (webtiles) character file.

Game seed: 14270547379597758961

16520110 Artagas the Swordmaster (level 27, 271/271 HPs)
             Began as a Vampire Archaeologist on Oct 13, 2023.
             Was the Champion of Hepliaklqana.
             Escaped with the Orb
             ... and 3 runes on Oct 23, 2023!
             The game lasted 04:08:13 (59261 turns).

Artagas the Swordmaster (Vampire Archaeologist)    Turns: 59261, Time: 04:08:13

Health: 271/271    AC: 26    Str: 20    XL:     27
Magic:  32/32      EV: 27    Int: 18    God:    Hepliaklqana [******]
Gold:   4564       SH:  8    Dex: 15    Spells: 2/44 levels left

rFire    + . .     GDR:     38% U - +8 triple sword (freeze)
rCold    + . .     SeeInvis +   (shield currently unavailable)
rNeg     + + +     Gourm    .   (armour currently unavailable)
rPois    ∞         Faith    .   W - +0 mask of the Dragon {MR+ Slay+3 SInv}
rElec    +         Spirit   .   M - scarf {clouds}
rCorr    .         Reflect  .   (gloves currently unavailable)
MR       +++..                  (boots currently unavailable)
Stlth    ++........             e - amulet of regeneration
HPRegen  0.75/turn              f - ring of protection from fire
MPRegen  0.23/turn              j - +6 ring of slaying

@: statue-form (expiring), bloodless, regenerating slowly, very slow
A: reduced essence, claws 1, fangs 3, see invisible, low mp 1, unbreathing
0: Orb of Zot
}: 3/15 runes: decaying, silver, gossamer
a: End Transformation, Recall Ancestor, Ancestor Identity, Transference,
Incarnate, Renounce Religion, Evoke Fog


You escaped.
You worshipped Hepliaklqana.
Hepliaklqana was exalted by your worship.
You were bloodless.
You were a stone statue.
You visited 11 branches of the dungeon, and saw 44 of its levels.
You also visited: Gauntlet and Ice Cave.

You collected 7989 gold pieces.
You spent 3425 gold pieces at shops.

Inventory:

Hand Weapons
 U - a +8 triple sword of freezing (weapon)
   (You took it off Zenata on level 2 of the Vaults)
Missiles
 I - 764 poisoned tomahawks (quivered)
 Z - 2 throwing nets {=f}
Armour
 k - the +6 scale mail of Caikim (melded) {rCorr}
   (You bought it in a shop in the Orcish Mines)

   It provides partial protection from all sources of acid and corrosion.
 m - a +2 pair of boots of running (melded)
   (You bought it in a shop on level 3 of the Depths)
 M - a scarf of clouds (worn)
   (You found it in a Gauntlet)
 W - the +0 mask of the Dragon (worn) {MR+ Slay+3 SInv}
   (You found it in a Gauntlet)

   It affects your accuracy and damage with ranged weapons and melee attacks
   (+3).
   It affects your resistance to hostile enchantments.
   It lets you see invisible.
 X - the +3 pair of gloves "Otaoleq" (melded) {+Inv rC+ Str+4 Dex-4}
   (You acquired it on level 3 of the Dungeon)

   It affects your strength (+4).
   It affects your dexterity (-4).
   It protects you from cold.
   It lets you turn invisible.
Jewellery
 c - an uncursed ring of protection from cold
   (You found it on level 2 of the Crypt)
 e - an amulet of regeneration (around neck)
   (You found it on level 1 of the Dungeon)
 f - a ring of protection from fire (left claw)
   (You found it on level 10 of the Dungeon)
 j - a +6 ring of slaying (right claw)
   (You found it on level 1 of the Crypt)
 y - the ring "Viumeit" {+Blink MR+}
   (You took it off a deep elf mage on level 1 of the Elven Halls)

   [ring of protection from magic]

   It affects your resistance to hostile enchantments.
   It lets you blink.
 L - a +5 ring of intelligence
   (You found it on level 7 of the Dungeon)
 V - a +6 ring of dexterity
   (You took it off a vault guard on level 3 of the Vaults)
Wands
 v - a wand of digging (22)
   (You found it on level 4 of the Dungeon)
 E - a wand of acid (15)
   (You found it on level 9 of the Dungeon)
 F - a wand of scattershot (5)
   (You took it off a minotaur in a Gauntlet)
 H - a wand of iceblast (39)
   (You took it off a human on level 12 of the Dungeon)
 O - a wand of paralysis (19)
   (You found it on level 6 of the Dungeon)
 S - a wand of charming (29)
   (You found it in a Gauntlet)
Scrolls
 b - a scroll of immolation
 l - 2 scrolls of blinking
 o - 4 scrolls of silence
 t - 3 scrolls of teleportation
 x - 12 scrolls of fear
 D - 5 scrolls of summoning
 P - 6 scrolls of fog
Potions
 d - 4 potions of might
 h - 3 potions of haste
 i - 2 potions of ambrosia
 n - 2 potions of resistance
 p - 6 potions of lignification
 s - 7 potions of agility
 w - a potion of heal wounds
 z - 29 potions of curing
 A - 7 potions of brilliance
 C - 2 potions of invisibility
 G - 5 potions of magic
 K - 7 potions of mutation
 Q - 3 potions of cancellation
Miscellaneous
 a - a sack of spiders (inert)
   (You found it on level 3 of the Elven Halls)
 B - a fan of gales (2/2)
   (You found it on level 3 of the Elven Halls)
 N - 2 boxes of beasts
 R - a phial of floods (inert)
   (You found it in a Gauntlet)
 T - a lamp of fire
   (You found it on level 2 of the Crypt)
 Y - a lightning rod (4/4)
   (You found it in an ice cave)


   Skills:
 + Level 22.6 Fighting
   Level 10.0(20.4) Short Blades
 O Level 27 Long Blades
   Level 0.7 Maces & Flails
 + Level 15.1 Armour
 + Level 21.0 Dodging
 - Level 6.0 Stealth
 - Level 9.0 Spellcasting
 - Level 5.0 Conjurations
 - Level 18.0 Hexes
 - Level 13.0 Transmutations
 - Level 13.0 Earth Magic
 - Level 7.0 Invocations
 + Level 14.5 Evocations


You had 2 spell levels left.
You knew the following spells:

 Your Spells              Type           Power        Failure   Level  Hunger
a - Statue Form           Tmut/Erth      ######...    6%          6    ######.
b - Irradiate             Conj/Tmut      #####.....   6%          5    ####...
c - Lee's Rapid Deconstr  Erth           ######....   1%          5    ####...
d - Passwall              Tmut/Erth      ######..     1%          2    None
e - Petrify               Tmut/Erth      ######....   1%          4    ##.....
f - Confuse               Hex            ######..     0%          3    None
g - Invisibility          Hex            ######..     1%          6    ######.
h - Cause Fear            Hex            ######....   1%          4    ##.....
i - Discord               Hex            ######....   4%          7    #######

Your spell library contained the following spells:

 Spells                   Type           Power        Failure   Level  Hunger
 Corona                   Hex            ######.      0%          1    None
 Slow                     Hex            ######..     0%          1    None
 Shackle                  Hex            ######..     0%          2    None
 Beastly Appendage        Tmut           ######       1%          1    None
 Magic Dart               Conj           ####         1%          1    None
 Sandblast                Erth           ######       1%          1    None
 Searing Ray              Conj           ####....     1%          2    None
 Sticks to Snakes         Tmut           ######..     1%          2    None
 Throw Frost              Conj/Ice       ###...       1%          2    None
 Sting                    Conj/Pois      ###.         3%          1    None
 Shock                    Conj/Air       ###....      4%          2    None
 Apportation              Tloc           #.....       9%          1    None
 Freeze                   Ice            #.....       9%          1    None
 Infusion                 Chrm           #.......     9%          1    None
 Static Discharge         Air            #.....       9%          1    None
 Summon Butterflies       Summ           #.......     9%          1    None
 Summon Small Mammal      Summ           #...         9%          1    None
 Call Imp                 Summ           #.....       13%         2    None
 Corpse Rot               Necr           N/A          13%         2    None
 Sublimation of Blood     Necr           #.........   13%         2    None
 Swiftness                Chrm/Air       #.......     13%         2    None
 Tukima's Dance           Hex            ######..     0%          3    None
 Dazzling Orbs            Conj/Hex       #####..      1%          3    None
 False Image              Hex/Summ       #####...     1%          3    None
 Inner Flame              Hex/Fire       N/A          1%          3    None
 Spider Form              Tmut/Pois      ###          1%          3    None
 Stone Arrow              Conj/Erth      #####.       1%          3    None
 Fulminant Prism          Conj/Hex       #####.....   1%          4    ##.....
 Tree Form                Hex/Tmut       N/A          1%          4    ##.....
 Yara's Violent Unravell  Hex/Tmut       ######....   1%          4    ##.....
 Blade Hands              Tmut           ######....   1%          5    ####...
 Darkness                 Hex            ######....   1%          6    ######.
 Iskenderun's Mystic Bla  Conj           ####....     3%          3    None
 Ignite Poison            Fire/Tmut/Pois ###.....     4%          3    None
 Ice Form                 Ice/Tmut       ####....     6%          4    ##.....
 Metabolic Englaciation   Hex/Ice        #####.....   6%          5    ####...
 Silence                  Hex/Air        #####.....   6%          5    ####...
 Summon Mana Viper        Hex/Summ       #####...     6%          5    ####...
 Mephitic Cloud           Conj/Pois/Air  ##......     14%         3    None
 Infestation              Hex/Tmut/Pois  #####....    21%         6    ######.
 Beckoning                Tloc           #.........   26%         3    None
 Call Canine Familiar     Summ           #.......     26%         3    None
 Ozocubu's Armour         Chrm/Ice       #.......     26%         3    None
 Portal Projectile        Tloc           #.....       26%         3    None
 Recall                   Summ/Tloc      N/A          26%         3    None
 Teleport Other           Tloc           #.......     26%         3    None
 Vampiric Draining        Necr           #.........   26%         3    None
 Lightning Bolt           Conj/Air       ###.....     30%         4    ##.....
 Sticky Flame             Conj/Fire      ###.....     30%         4    ##.....
 Throw Icicle             Conj/Ice       ###.....     30%         4    ##.....
 Virulence                Hex/Pois       #####...     32%         6    ######.
 Dragon Form              Tmut           ######.      34%         7    #######
 Mana Rupture             Conj/Hex       #####.....   54%         7    #######
 Force Lance              Tloc           #.......     65%         4    ##.....
 Summon Ice Beast         Ice/Summ       #.......     65%         4    ##.....
 Fireball                 Conj/Fire      ###.......   65%         5    ####...
 Iskenderun's Battlesphe  Conj/Chrm      ###.....     65%         5    ####...
 Piercing Shot            Chrm           #.........   94%         5    ####...
 Steam Barrier            Chrm/Fire      #.........   94%         5    ####...
 Summon Demon             Summ           #.........   94%         5    ####...
 Summon Forest            Summ/Tloc      #.........   94%         5    ####...
 Summon Lightning Spire   Summ/Air       #.......     94%         5    ####...
 Conjure Ball Lightning   Conj/Air       ###.......   99%         6    ######.
 Aura of Abjuration       Summ           #.........   100%        6    ######.
 Deflect Missiles         Chrm/Air       #.........   100%        6    ######.
 Dispersal                Tloc           #.........   100%        6    ######.
 Ozocubu's Refrigeration  Ice            #.........   100%        6    ######.
 Controlled Blink         Tloc           #.......     100%        7    #######
 Shadow Creatures         Summ           N/A          100%        7    #######
 Spellforged Servitor     Conj/Summ      ###.......   100%        7    #######
 Chain Lightning          Conj/Air       ###.......   100%        8    #######
 Ignition                 Hex/Fire       #####.....   100%        8    #######
 Time Stop                Chrm/Tloc      N/A          100%        8    #######
 Tornado                  Tloc/Air       #.........   100%        8    #######
 Necromutation            Tmut/Necr      Unusable     N/A         8    N/A

Dungeon Overview and Level Annotations

Branches:
Dungeon (12/12)            Temple (1/1) D:4            Lair (6/6) D:8
  Swamp (3/3) Lair:2       Spider (3/3) Lair:4        Slime (0/5) Orc
    Orc (1/1) D:10            Elf (3/3) Lair:5       Vaults (3/3) D:12
  Crypt (2/2) Vaults:2       Tomb (0/3) Crypt:2      Depths (5/5) D:12
    Zot (5/5) Depths:5

Altars:
Ashenzari
Cheibriados
Dithmenos
Fedhas
Gozag
Hepliaklqana
Kikubaaqudgha
Lugonu
Makhleb
Nemelex Xobeh
Okawaru
Qazlal
Ru
Sif Muna
Trog
Uskayaw
Vehumet
Wu Jian
Xom
Yredelemnul
Jiyva

Shops:
D:4 !?}   D:6 }   D:7 *   Orc !%[*[   Elf:3 *(   Depths:3 [

Portals:
Hell: Lair:6 Depths:1 Depths:2 Depths:3 Depths:4 Depths:5
Abyss: Depths:4
Pandemonium: Depths:1 Depths:2 Depths:3
Ziggurat: Depths:5
Trove: Depths:3 (give +8 quick blade)

Annotations:
D:4 3 runed translucent doors, kosoiffoigrumme1174's ghost, amateur VSCK
D:9 2 transporters, AndrolTheGreedy's ghost, novice GrFi
D:12 3 runed translucent doors, kosoiffoigrumme1174's ghost, journeyman VSCK
Lair:3 3 runed translucent doors, Yjeari's ghost, journeyman GrMo Orc 3 runed translucent doors, spaghetti100's ghost, journeyman MiFi
Vaults:1 3 runed translucent doors, Bailed's ghost, veteran MiMo; kosoiffoigrumme1174's ghost, adept VSMo
Vaults:2 Mennas
Zot:5 2 transporters, Enish's ghost, legendary FrFi


Innate Abilities, Weirdness & Mutations

You heal slowly.
You are immune to poison.
You have sharp fingernails.
You have razor-sharp teeth.
You have supernaturally acute eyesight. (SInv)
You can survive without breathing.
Your life essence is reduced to manifest your ancestor. (-10% HP)
Your magical capacity is low. (-10% MP)


Message History

You reach into the bag, and spiders crawl out!
Evoke which item? (* to show all) (? for menu, Esc to quit)
Aim the phial where?
Press: ? - help, Shift-Dir - straight line, f - daeva
Aim: a daeva, wielding a +4 scimitar of holy wrath and wearing a +0 large shield (haloed)
The daeva blocks the torrent of water.
The wave splashes down.
The water rises up and takes form.
The daeva hits your redback with a +4 scimitar of holy wrath. x2
The daeva blocks your water elemental's attack.
Your redback closely misses the daeva.
The daeva blocks your redback's attack.
Your water elemental hits the daeva.
Your water elemental engulfs the daeva in water!
The daeva calls down the wrath of the Shining One upon you.
The Shining One smites you!
The daeva hits your redback with a +4 scimitar of holy wrath! x2
Your redback dies!
Your redback's corpse disappears in a puff of smoke!
The daeva blocks your water elemental's attack.
Your water elemental hits the daeva.
The daeva blocks your redback's attack. x2
Your redback hits the daeva.
Your redback barely misses the daeva.
Your water elemental misses the daeva.
Your water elemental hits the daeva!
The daeva calls down the wrath of the Shining One upon your water elemental.
Your water elemental is smitten.
The daeva closely misses your water elemental.
The daeva hits your water elemental with a +4 scimitar of holy wrath.
Your water elemental hits the daeva!
Your redback hits the daeva! The daeva blocks your redback's attack.
Your redback closely misses the daeva.
Your redback barely misses the daeva.
Your water elemental barely misses the daeva.
The daeva blocks your water elemental's attack.
Your water elemental closely misses the daeva.
The daeva slips free of the water.
Your redback hits the daeva but does no damage.
The daeva blocks your redback's attack. x4; Your redback bites the daeva!!
Caro is for Nbobs hits the daeva with a +0 lajatang of freezing!
Caro is for Nbobs freezes the daeva.
Your redback hits the daeva!
Your redback bites the daeva.
Your water elemental hits the daeva!
Your water elemental engulfs the daeva in water!
The daeva hits your water elemental with a +4 scimitar of holy wrath!
The daeva hits your water elemental with a +4 scimitar of holy wrath.
Your redback barely misses the daeva.
The daeva blocks your redback's attack.
Your redback splashes around in the water.
Your redback bites the daeva!
The daeva blocks your water elemental's attack.
Your redback hits the daeva!
Your redback bites the daeva.
Caro is for Nbobs barely misses the daeva.
Your redback closely misses the daeva.
Your redback bites the daeva.
Your redback hits the daeva.
The daeva is caught in a web!
Your redback bites the daeva.
The daeva dies!
(D) Dungeon (T) Temple (L) Lair (S) Swamp (N) Spider Nest (M) Slime Pits (O) Orcish Mines (E) Elven Halls (V) Vaults (C) Crypt (W) Tomb (U) Depths (H) Hell (Z) Zot
Where to? (Enter - D:1 @ (x,y), ? - help)
What level of the Dungeon? (default 1, ? - help)
You swap places.
You swap places.
You swap places.
Your water elemental disappears in a puff of smoke!
Your water elemental disappears in a puff of smoke!
There is an open door here.
A sixfirhy comes into view.
The sixfirhy completely misses you. The sixfirhy misses you. x2
You closely miss the sixfirhy.
Caro is for Nbobs casts a spell at the sixfirhy.
The bolt of magma hits the sixfirhy!!
You open the sixfirhy like a pillowcase!!!!
You freeze the sixfirhy.
You kill the sixfirhy!
Your Dodging skill increases to level 21!
No target in view!
(D) Dungeon (T) Temple (L) Lair (S) Swamp (N) Spider Nest (M) Slime Pits (O) Orcish Mines (E) Elven Halls (V) Vaults (C) Crypt (W) Tomb (U) Depths (H) Hell (Z) Zot
Where to? (Enter - D:1 @ (x,y), ? - help)
What level of the Dungeon? (default 1, ? - help)
Your redback disappears in a puff of smoke!
Your water elemental disappears in a puff of smoke!
HP restored.
Things that are here:
a cursed +0 chain mail; a cursed -1 club Caro is for Nbobs is no longer moving quickly.
There is an open door here.
Your redback disappears in a puff of smoke!
There is a stone staircase leading up here.
You climb upwards.
Your summoned allies are left behind.
There is a stone staircase leading down here.
There is a stone staircase leading up here.
You climb upwards.
There is a stone staircase leading down here.
There is a stone staircase leading up here.
You climb upwards.
There is a stone staircase leading down here.
An orange demon comes into view.
The orange demon screeches!
There is a staircase leading out of the dungeon here.
The power of the Orb breaks the dimensional shunt like a soap bubble!
You have escaped!

##.....#..#.#
#.#...########.
##....#....#####.#24.# ##
####...#............# #
###..............#
##..#.....##.#.#
#.##8###8##3#.#
#..#..^.....#.##
#..#.....#.....### ##
####..#.R8..#.......#####.
##.....#.....#...#)........
##............#........###..
#......##8###8##.#%.##......
#.......#.....#..#..##......
#>..........................
#.........#.###.............
#....>....#..#...#.........#
##.........................#


You could see the friendly Caro is for Nbobs the battlemage, a cacodemon and a
sixfirhy.

Vanquished Creatures
  2 juggernauts (Depths:4)
  Mara (Depths:1)
  An orb of fire (Zot:5)
  6 ancient liches (Zot:5)
  Xtahua (Depths:2)
  Sojobo (Depths:1)
  the Enchantress (Depths:1)
  4 golden dragons
  3 Killer Klowns
  3 pandemonium lords
  Saint Roka (Elf:2)
  A curse toe (Zot:2)
  the Lernaean hydra (Swamp:3)
  8 caustic shrikes
  2 rockslimes (Zot:1)
  Gastronok (D:11)
  Nikola (Spider:2)
  Zenata (Vaults:2)
  3 bone dragons
  2 electric golems
  18 Orb Guardians (Zot:5)
  7 tentacled monstrosities
  Frances (Elf:1)
  A wendigo (Depths:2)
  2 deep elf blademasters (Elf:3)
  2 Hell Sentinels
  A titan (Depths:3)
  An Ice Fiend (Zot:2)
  2 deep elf master archers (Elf:3)
  2 quicksilver dragons
  A sphinx (Depths:3)
  An Executioner (D:4)
  6 death cobs
  An ancient champion (Crypt:1)
  4 thorn hunters (Swamp:2)
  7 shadow dragons
  Roxanne (Swamp:3)
  13 ghouls
  10 storm dragons
  10 tengu reavers
  3 revenants
  2 draconian monks
  4 draconian knights
  6 frost giants
  6 fire giants
  2 iron dragons
  An orc warlord (Vaults:2)
  2 deep elf sorcerers (Vaults:1)
  4 war gargoyles (Vaults:3)
  A cacodemon (Depths:1)
  A curse skull (Crypt:2)
  4 emperor scorpions
  A deep elf elementalist (Elf:3)
  5 ghost moths
  9 vault wardens
  3 draconian shifters
  A draconian stormcaller (Zot:2)
  3 spriggan defenders (Depths:1)
  8 ironheart preservers
  An eye of devastation (Zot:4)
  29 very ugly things
  A draconian scorcher (Zot:3)
  19 stone giants
  3 vampire knights
  3 jiangshi (Depths:1)
  8 green draconians
  3 black draconians
  3 deep elf demonologists (Elf:3)
  11 spark wasps
  2 yellow draconians (Zot:1)
  A minotaur (Gauntlet)
  5 purple draconians
  A lorocyproca (Zot:4)
  4 white draconians
  5 deep elf annihilators
  3 entropy weavers
  7 red draconians
  4 blizzard demons
  4 dire elephants
  A green death (Depths:1)
  10 ettins
  2 deep elf death magi (Elf:3)
  5 eidola (Crypt:2)
  A spectral quicksilver dragon (Crypt:2)
  A quicksilver dragon zombie (Crypt:1)
  5 yaktaur captains
  A spectral shadow dragon (Crypt:2)
  18 vault guards
  Urug (Lair:3)
  3 fire dragons
  A rakshasa (Depths:4)
  12 ice dragons
  22 hydras
  4 spriggan air magi
  6 shadow wraiths
  3 death knights
  6 great orbs of eyes
  A ghost crab (Swamp:3)
  7 ogre magi
  11 two-headed ogres
  2 shambling mangroves (Swamp:2)
  31 dancing weapons
  9 alligators
  3 tengu warriors
  A spectral frost giant (Crypt:2)
  8 deep troll earth magi
  6 deep troll shamans
  3 spectral storm dragons (Crypt:2)
  2 vampire magi
  2 hell hogs (Depths:3)
  3 spectral dire elephants (Crypt:2)
  4 orc high priests (Orc)
  An ironheart beastmaster (Vaults:3)
  3 spriggan berserkers
  5 death yaks (Lair:4)
  A soul eater (Crypt:1)
  23 deep trolls
  A sun demon (Zot:4)
  17 deep elf knights
  5 iron trolls
  46 slime creatures
  2 sixfirhies
  9 skeletal warriors
  20 centaur warriors
  4 goliath frogs
  8 hell knights
  A gelid demonspawn (Depths:2)
  An entropy weaver zombie (Crypt:2)
  A glowing orange brain (Vaults:2)
  3 flayed ghosts (Crypt:2)
  7 swamp dragons
  An orc knight (D:12)
  12 ironheart convokers
  A spectral iron dragon (Crypt:2)
  11 deep elf archers
  An orange crystal statue (Spider:3)
  Pikel (D:5)
  6 wizards
  4 cyclopes
  10 phantasmal warriors
  23 wolf spiders
  A stone giant zombie (D:12)
  3 orc sorcerers
  2 spectral alligators (Crypt:2)
  10 necromancers
  A frost giant zombie (D:12)
  8 orb spiders
  A fire giant zombie (D:12)
  23 ugly things
  A spectral ettin (Crypt:2)
  A spectral fire dragon (Crypt:2)
  39 deep elf magi
  2 oklob plants (Swamp:2)
  8 moths of wrath
  2 salamanders (Depths:4)
  A salamander (shapeshifter) (D:12)
  A manticore (Lair:4)
  A shining eye (shapeshifter) (Depths:5)
  An ice statue (IceCv)
  9 vault sentinels
  27 elephants
  A dire elephant zombie (Crypt:1)
  A black mamba (shapeshifter) (Vaults:1)
  3 rust devils
  An elephant (shapeshifter) (D:11)
  A frost giant skeleton (Vaults:1)
  5 black mambas
  A torpor snail (Spider:3)
  3 orange demons
  A gargoyle (D:12)
  16 cane toads
  6 rime drakes
  14 jumping spiders
  A komodo dragon (Lair:2)
  2 kobold demonologists
  18 yaktaurs
  2 demonic crawlers (Spider:3)
  17 freezing wraiths
  2 tormentors
  A yaktaur zombie (D:12)
  2 flying skulls (Crypt:2)
  2 eyes of draining (D:10)
  A hellwing (Depths:2)
  2 eyes of draining (shapeshifter)
  A golden dragon simulacrum (IceCv)
  4 anaconda simulacra (IceCv)
  5 ice devils (IceCv)
  5 tengu conjurers
  6 tyrant leeches
  4 trolls
  Grinder (D:6)
  2 wolf spider simulacra
  A polar bear (Lair:2)
  2 red devils
  A troll (shapeshifter) (Depths:5)
  Maurice (D:12)
  A hornet (shapeshifter) (D:12)
  4 hornets
  6 bog bodies
  Grum (D:6)
  17 blink frogs
  2 harpy skeletons (D:12)
  An ettin zombie (Crypt:1)
  A sphinx simulacrum (Vaults:1)
  16 dream sheep
  A hydra skeleton (Crypt:1)
  2 stone giant simulacra
  8 hippogriffs
  A meliai zombie (D:12)
  3 air elementals
  9 shadows
  6 tarantellas
  4 wyverns
  A yak (shapeshifter) (Vaults:3)
  A spriggan (Depths:1)
  A dire elephant simulacrum (IceCv)
  11 water elementals
  3 ynoxinuls
  Eustachio (D:6)
  4 wraiths
  4 basilisks
  3 fire bats (Lair:1)
  4 fire elementals
  32 yaks
  17 vampire mosquitoes
  A golden eye (shapeshifter) (Depths:5)
  16 humans (D:12)
  30 redbacks
  A neqoxec (D:10)
  9 swamp worms
  Edmund (D:5)
  4 acid dragons
  2 wargs
  5 harpy simulacra (IceCv)
  A swamp worm (shapeshifter) (Vaults:3)
  14 crocodiles
  10 water moccasins
  4 hydra simulacra (IceCv)
  2 iron troll simulacra (IceCv)
  10 hell hounds
  Duvessa (D:6)
  A deep troll zombie (Vaults:1)
  A soldier ant (D:12)
  A soldier ant (shapeshifter) (D:10)
  A floating eye (Depths:5)
  9 porcupines
  A slave (D:5)
  11 swamp drakes
  9 sky beasts
  22 orc warriors
  2 black bears
  A phantom (D:7)
  2 ettin simulacra (IceCv)
  21 ogres
  28 wolves
  16 boggarts
  3 necrophages (Crypt:1)
  An elephant skeleton (Crypt:2)
  A small abomination (Zot:5)
  9 bullfrogs
  2 gnoll sergeants (D:6)
  4 kobold brigands
  A human skeleton (Vaults:1)
  4 earth elementals
  2 water moccasin zombies
  2 centaurs (D:6)
  6 scorpions
  A wyvern skeleton (Crypt:1)
  2 water moccasin skeletons (D:7)
  A raiju zombie (Crypt:2)
  A human simulacrum (Vaults:1)
  An electric eel (Lair:4)
  13 wights
  4 jellies
  17 orc priests
  10 crimson imps
  3 bullfrog zombies
  2 quasits
  4 draconian simulacra (IceCv)
  21 orc wizards
  6 bullfrog skeletons
  14 hounds
  An iron imp (Gauntlet)
  4 iguanas
  Terence (D:2)
  Ijyb (D:5)
  3 hell rats (Lair:3)
  7 worker ants
  6 troll simulacra (IceCv)
  A porcupine skeleton (Crypt:1)
  4 hound zombies
  A hound skeleton (D:6)
  A worker ant zombie (D:7)
  13 gnolls
  An ogre simulacrum (IceCv)
  5 adders
  A naga simulacrum (IceCv)
  3 shadow imps
  7 white imps
  6 ufetubi
  A centaur simulacrum (IceCv)
  An ooze (D:3)
  An adder zombie (D:5)
  An adder skeleton (D:6)
  An iguana skeleton (Crypt:1)
  4 worms
  A barachi skeleton (Crypt:1)
  2 dart slugs (D:1)
  A leopard gecko (D:2)
  68 orcs
  3 ball pythons
  4 bats
  2 giant cockroaches
  5 goblins
  7 hobgoblins
  17 jackals
  21 kobolds
  6 quokkas
  2 frilled lizards
  A leopard gecko skeleton (Crypt:1)
  3 rats
  A briar patch (Swamp:2)
1775 creatures vanquished.

Vanquished Creatures (collateral kills)
  An orb of fire (Zot:5)
  A Killer Klown (Zot:5)
  Arachne (Spider:3)
  2 rockslimes
  A bone dragon (Depths:5)
  An electric golem (Zot:5)
  5 Orb Guardians (Zot:5)
  A lich (Zot:5)
  2 tentacled monstrosities
  A titan (Depths:4)
  A quicksilver dragon (Zot:1)
  A ghoul (Crypt:1)
  2 shadow dragons
  2 draconian monks
  A revenant (Crypt:2)
  A draconian knight (Zot:3)
  A daeva (D:4)
  2 ghost moths (Spider:3)
  2 frost giants
  2 deep elf sorcerers
  A fire giant (Depths:5)
  A draconian shifter (Zot:3)
  An iron dragon (Depths:4)
  2 vault wardens
  An emperor scorpion (Spider:2)
  3 draconian scorchers
  2 stone giants
  2 draconian annihilators
  3 spriggan defenders
  A deep elf elementalist (Elf:3)
  An eye of devastation (Zot:5)
  4 ironheart preservers
  5 very ugly things
  4 green draconians
  A deep elf demonologist (Elf:3)
  2 black draconians
  2 deep elf annihilators (Elf:3)
  5 yellow draconians
  3 eidola (Crypt:2)
  4 red draconians
  An entropy weaver (Vaults:1)
  8 spark wasps
  3 ettins
  4 deep elf death magi
  A white draconian (Zot:4)
  A spectral golden dragon (Crypt:2)
  3 fire dragons
  2 yaktaur captains (Vaults:3)
  2 deep elf high priests (Elf:3)
  2 spectral quicksilver dragons (Crypt:2)
  5 hydras
  4 rakshasas
  8 vault guards (Vaults:3)
  An ogre mage (Vaults:2)
  A death knight (D:8)
  4 two-headed ogres
  2 deep troll earth magi
  A hell hog (Depths:3)
  6 dancing weapons
  2 alligators (Swamp:1)
  A deep troll shaman (Depths:1)
  2 death yaks
  A vampire mage (Depths:1)
  3 deep elf knights (Elf:2)
  A soul eater (Crypt:2)
  2 deep trolls (Depths:3)
  A sixfirhy (D:12)
  A spectral ghost moth (Crypt:2)
  A death drake (shapeshifter) (Vaults:1)
  2 hell knights
  A skeletal warrior (Crypt:2)
  4 centaur warriors
  3 flayed ghosts
  A salamander mystic (Depths:4)
  2 wizards
  4 phantasmal warriors
  A spectral wolf spider (Crypt:2)
  An ironheart convoker (Vaults:2)
  A cyclops (Vaults:2)
  A spectral hydra (Crypt:2)
  2 swamp dragons (Swamp:3)
  6 wolf spiders
  6 deep elf archers
  2 necromancers
  18 deep elf magi
  6 orb spiders
  An orc sorcerer (Orc)
  A faun (shapeshifter) (Elf:2)
  9 ugly things
  A human zombie (Vaults:1)
  A battlemage (Zot:4)
  A salamander (Depths:4)
  2 elephants (Lair:5)
  A water nymph (shapeshifter) (Vaults:3)
  A black mamba (Lair:4)
  3 vault sentinels (Vaults:3)
  3 cane toads
  A smoke demon (D:7)
  An orange demon (Lair:6)
  A rime drake (Lair:6)
  A death yak zombie (Crypt:2)
  A demonic crawler (Spider:1)
  2 flying skulls (Crypt:2)
  A tengu conjurer (Elf:1)
  An eye of draining (D:11)
  A hellwing (Lair:6)
  4 freezing wraiths
  An ice devil (IceCv)
  3 jumping spiders
  A red devil (Lair:6)
  3 yaktaurs
  A hornet (shapeshifter) (Depths:4)
  A wolf spider simulacrum (Crypt:2)
  3 hornets (Spider:3)
  A tyrant leech (Swamp:2)
  6 blink frogs
  A bog body (Swamp:1)
  A harpy skeleton (D:11)
  9 slime creatures
  An ettin zombie (Crypt:2)
  3 dream sheep
  2 ynoxinuls
  A shadow (Gauntlet)
  2 spriggans
  5 tarantellas
  A wind drake zombie (Crypt:1)
  A water elemental (Elf:1)
  2 fire elementals
  3 humans (D:12)
  A black mamba skeleton (Crypt:1)
  7 vampire mosquitoes
  11 redbacks
  Menkaure (D:8)
  A swamp worm (shapeshifter) (Elf:2)
  A swamp worm (Swamp:3)
  A crocodile (Lair:1)
  2 hell hounds
  2 water moccasins
  A gelid demonspawn skeleton (Crypt:2)
  A floating eye (shapeshifter) (Vaults:2)
  An orc warrior (Orc)
  A soldier ant (shapeshifter) (Depths:2)
  6 wolves
  2 ogres
  4 boggarts
  2 bullfrogs
  A spectral human (Crypt:2)
  A yaktaur skeleton (Vaults:1)
  An earth elemental (Elf:3)
  A wyvern skeleton (Crypt:2)
  A troll skeleton (Crypt:1)
  2 howler monkeys (D:11)
  5 orc priests
  A crimson imp (Depths:1)
  7 orc wizards
  2 hell rats (Lair:3)
  A wolf simulacrum (IceCv)
  A crocodile skeleton (Crypt:2)
  An adder (D:8)
  3 white imps
  2 ufetubi (IceCv)
  A centaur simulacrum (IceCv)
  14 orcs
  A kobold (D:10)
  A quokka (D:8)
  2 fungi (Lair:6)
  A plant (Lair:5)
399 creatures vanquished.

Vanquished Creatures (others)
  A fire giant (Depths:4)
  A draconian shifter (Zot:1)
  A draconian scorcher (Zot:1)
  A very ugly thing (Depths:3)
  A draconian annihilator (Zot:5)
  A green draconian (Zot:3)
  A black draconian (Zot:5)
  A yellow draconian (Zot:5)
  A deep elf archer (Elf:1)
  A wolf spider (Spider:3)
  6 deep elf magi
  2 moths of wrath
  A yaktaur (Vaults:2)
  A tarantella (Spider:3)
  A neqoxec (Zot:4)
  2 redbacks (Spider:2)
  2 boggarts (Depths:4)
  3 slaves (D:6)
  Dowan (D:6)
  An orc priest (D:6)
  80 battlemagi
  A gnoll shaman (D:6)
  8 ancestors
  4 gnolls (D:6)
  An ufetubus (IceCv)
  3 orcs
  2 jackals (D:6)
  19 fungi
  34 plants
  9 toadstools (Lair:3)
  A withered plant (D:12)
192 creatures vanquished.

Grand Total: 2366 creatures vanquished

Notes
Turn   | Place    | Note
-------+----------+-------------------------------------------
     0 | D:1      | Artagas the Vampire Archaeologist began the quest for the
                  | Orb.
     0 | D:1      | Reached XP level 1. HP: 14/14 MP: 1/1
     8 | D:1      | Reached skill level 1 in Fighting
    25 | D:1      | Reached skill level 5 in Stealth
   135 | D:1      | Reached XP level 2. HP: 21/21 MP: 2/2
   545 | D:2      | Reached skill level 1 in Short Blades
   793 | D:2      | Reached XP level 3. HP: 27/27 MP: 3/3
   810 | D:2      | Found a faded altar of an unknown god.
   948 | D:2      | Noticed Terence
   986 | D:2      | Found a shimmering altar of Xom.
   995 | D:2      | Killed Terence
   996 | D:2      | Reached skill level 2 in Fighting
   996 | D:2      | Reached skill level 2 in Short Blades
   996 | D:2      | Reached skill level 6 in Stealth
  1121 | D:2      | Reached XP level 4. HP: 31/33 MP: 4/4
  1405 | D:3      | Reached skill level 3 in Short Blades
  1745 | D:3      | Reached skill level 4 in Short Blades
  1823 | D:3      | Reached XP level 5. HP: 28/38 MP: 5/5
  1823 | D:3      | Identified a scroll of acquirement
  1883 | D:3      | Identified the +1 broad axe of the Viper {drain, rN+ Dex+9}
                  | (You acquired it on level 3 of the Dungeon)
  1883 | D:3      | Identified the +3 pair of gloves "Otaoleq" {+Inv rC+ Str+4
                  | Dex-4} (You acquired it on level 3 of the Dungeon)
  1883 | D:3      | Identified the ring "Ugets" {*Corrode rPois rF- AC+4 Str+6}
                  | (You acquired it on level 3 of the Dungeon)
  2115 | D:3      | Reached skill level 5 in Short Blades
  2497 | D:4      | Found a staircase to the Ecumenical Temple.
  2522 | D:4      | Found Kyulezoo's Magic Scroll Boutique.
  2526 | D:4      | Bought a scroll of blinking for 90 gold pieces
  2526 | D:4      | Bought a scroll of summoning for 120 gold pieces
  2526 | D:4      | Bought a scroll of identify for 24 gold pieces
  2539 | D:4      | Reached skill level 3 in Fighting
  2549 | D:4      | Found a runed translucent gate.
  2549 | D:4      | Found a runed translucent gate.
  2549 | D:4      | Found a runed translucent gate.
  2550 | D:4      | Found an opulent altar of Gozag.
  2551 | D:4      | Noticed kosoiffoigrumme1174's ghost (amateur VSCK)
  2555 | D:4      | Found Qofe's Distillery.
  2561 | D:4      | Reached XP level 6. HP: 47/47 MP: 6/6
  2844 | D:4      | Found Wunehioss's Gadget Shop.
  3073 | D:4      | Reached skill level 6 in Short Blades
  3339 | D:5      | Entered Level 5 of the Dungeon
  3372 | D:5      | Reached skill level 4 in Fighting
  3407 | D:5      | Noticed Ijyb
  3415 | D:5      | Reached XP level 7. HP: 53/54 MP: 7/7
  3439 | D:5      | Reached skill level 7 in Short Blades
  3492 | D:5      | Killed Ijyb
  3588 | D:5      | Identified the +2 robe of the Morning {rN+ Str+4}
  3730 | D:5      | Reached skill level 4 in Dodging
  4075 | D:5      | Noticed Menkaure
  4210 | D:5      | Noticed Edmund
  4238 | D:5      | Killed Edmund
  4239 | D:5      | Reached XP level 8. HP: 33/61 MP: 8/8
  4320 | D:5      | Reached skill level 8 in Short Blades
  4333 | D:5      | Found a shattered altar of Ashenzari.
  4355 | D:6      | Found a basalt altar of Yredelemnul.
  4356 | D:6      | Found a sparkling altar of Nemelex Xobeh.
  4356 | D:6      | Found a shimmering blue altar of Sif Muna.
  4364 | D:6      | Reached skill level 5 in Fighting
  4370 | D:6      | Reached skill level 5 in Dodging
  4370 | D:6      | Noticed Pikel
  4465 | D:5      | Killed Pikel
  4466 | D:5      | Reached skill level 9 in Short Blades
  4521 | D:6      | Found a burning altar of Makhleb.
  4521 | D:6      | Found an iron altar of Okawaru.
  4522 | D:6      | Found a white marble altar of Elyvilon.
  4533 | D:6      | Reached skill level 6 in Dodging
  4533 | D:6      | Reached skill level 1 in Evocations
  4559 | D:6      | Reached skill level 6 in Fighting
  4559 | D:6      | Reached skill level 2 in Evocations
  4654 | D:6      | Reached XP level 9. HP: 69/69 MP: 10/10
  4800 | D:5      | Reached skill level 3 in Evocations
  4888 | D:6      | Noticed Dowan
  5305 | D:6      | Reached skill level 4 in Evocations
  5349 | D:6      | Noticed Eustachio
  5357 | D:6      | Reached skill level 7 in Fighting
  5373 | D:6      | Killed Eustachio
  5374 | D:6      | Reached skill level 5 in Evocations
  5519 | D:6      | Killed Dowan
  5542 | D:6      | Noticed Grum
  5560 | D:6      | Killed Grum
  5561 | D:6      | Reached skill level 6 in Evocations
  5674 | D:6      | Noticed a deep elf mage
  5691 | D:6      | Killed a deep elf mage
  6000 | D:6      | Found a glowing silver altar of Zin.
  6001 | D:6      | Noticed an angel
  6209 | D:6      | Noticed Duvessa
  6215 | D:6      | Noticed Grinder
  6243 | D:6      | Killed Grinder
  6284 | D:6      | Reached XP level 10. HP: 79/79 MP: 14/14
  6318 | D:6      | Killed Duvessa
  6319 | D:6      | Reached skill level 7 in Dodging
  6421 | D:6      | Found Pialol's Gadget Shop.
  6791 | D:7      | Reached skill level 10 in Short Blades
  6913 | D:7      | Found an ancient bone altar of Kikubaaqudgha.
  6913 | D:7      | Found a blossoming altar of Fedhas.
  6934 | D:7      | Found an ornate altar of the Wu Jian Council.
  6972 | D:7      | Reached skill level 8 in Fighting
  6989 | D:7      | Reached skill level 1 in Armour
  7215 | Temple   | Entered the Ecumenical Temple
  7276 | Temple   | Became a worshipper of Hepliaklqana the Forgotten
  7361 | D:5      | Reached skill level 2 in Armour
  7651 | D:4      | Bought a potion of haste for 110 gold pieces
  7651 | D:4      | Bought a potion of curing for 27 gold pieces
  7651 | D:4      | Bought a potion of might for 44 gold pieces
  8009 | D:7      | Reached skill level 3 in Armour
  8081 | D:7      | Found Owozyr's Elemental Accessories.
  8100 | D:7      | Reached skill level 4 in Armour
  8259 | D:8      | Noticed a death knight
  8382 | D:8      | Killed a death knight
  8383 | D:8      | Reached skill level 5 in Armour
  8500 | D:8      | Reached skill level 6 in Armour
  8585 | D:8      | Reached skill level 1 in Invocations
  8746 | D:8      | Reached skill level 2 in Invocations
  8809 | D:8      | Reached skill level 7 in Evocations
  8816 | D:8      | Reached skill level 3 in Invocations
  8816 | D:8      | Reached XP level 11. HP: 38/77 MP: 16/16
  9010 | D:8      | Found a staircase to the Lair.
  9377 | D:8      | Killed Menkaure
  9482 | Lair:1   | Entered Level 1 of the Lair of Beasts
  9510 | Lair:1   | Reached * piety under Hepliaklqana
  9803 | Lair:1   | Reached skill level 8 in Dodging
  9867 | Lair:1   | Reached skill level 7 in Armour
  9960 | Lair:1   | Reached skill level 9 in Fighting
  9960 | Lair:1   | Reached skill level 1 in Long Blades
  9961 | Lair:1   | Found a dark tunnel.
  9974 | Lair:1   | Reached skill level 2 in Long Blades
 10054 | Lair:1   | Reached skill level 3 in Long Blades
 10171 | Lair:1   | Noticed a four-headed hydra
 10219 | Lair:1   | Killed a four-headed hydra
 10220 | Lair:1   | Reached skill level 5 in Long Blades
 10242 | Lair:1   | Reached skill level 6 in Long Blades
 10341 | Lair:1   | Reached skill level 7 in Long Blades
 11035 | Lair:2   | Reached ** piety under Hepliaklqana
 11041 | Lair:2   | Reached skill level 8 in Long Blades
 11159 | Lair:2   | Noticed an eight-headed hydra
 11175 | Lair:2   | Killed an eight-headed hydra
 11176 | Lair:2   | Reached skill level 9 in Long Blades
 11176 | Lair:2   | Reached XP level 12. HP: 46/85 MP: 17/17
 11176 | Lair:2   | Remembered your ancestor Caro is for Nbobs as a battlemage
 11319 | Lair:2   | Reached skill level 10 in Long Blades
 11429 | Lair:2   | Found a gate leading to a gauntlet.
 11446 | Lair:2   | Reached skill level 11 in Long Blades
 11488 | Gauntlet | Entered a Gauntlet
 11488 | Gauntlet | Found a transporter.
 11488 | Gauntlet | Found a transporter.
 11502 | Gauntlet | Found a transporter.
 11513 | Gauntlet | Found the +2 pair of boots of the Assassin {Detection Stab+
                  | Stlth++}
 11514 | Gauntlet | Found a transporter.
 11520 | Gauntlet | Found a transporter.
 11520 | Gauntlet | Noticed a death yak
 11522 | Gauntlet | Found a transporter.
 11522 | Gauntlet | Found a transporter.
 11522 | Gauntlet | Noticed a hell hog
 11523 | Gauntlet | Noticed a seven-headed hydra
 11526 | Gauntlet | Found a transporter.
 11548 | Gauntlet | Found a transporter.
 11570 | Gauntlet | Found a transporter.
 11582 | Gauntlet | Found a transporter.
 11586 | Gauntlet | Found a transporter.
 11625 | Gauntlet | Found a transporter.
 11640 | Gauntlet | Found a transporter.
 11739 | Gauntlet | Found a transporter.
 11754 | Gauntlet | Found a transporter.
 12162 | Gauntlet | Identified the +5 scimitar of Reapportionment {slice, Str+3
                  | Dex+3}
 12162 | Gauntlet | Noticed a minotaur
 12163 | Gauntlet | Found the +0 mask of the Dragon {MR+ Slay+3 SInv}
 12176 | Gauntlet | Killed a minotaur
 12177 | Gauntlet | Reached skill level 12 in Long Blades
 12181 | Gauntlet | Identified the Collected Works on the Twisted Birds
 12252 | Lair:2   | Noticed a seven-headed hydra
 12264 | Lair:2   | Killed a seven-headed hydra
 12557 | Lair:2   | Noticed a five-headed hydra
 12566 | Lair:2   | Killed a five-headed hydra
 12567 | Lair:2   | Reached skill level 13 in Long Blades
 12928 | Lair:2   | Found a staircase to the Swamp.
 13235 | Lair:3   | Reached *** piety under Hepliaklqana
 13249 | Lair:3   | Reached skill level 14 in Long Blades
 13307 | Lair:3   | Noticed Urug
 13315 | Lair:3   | Killed Urug
 13553 | Lair:3   | Found a runed translucent gate.
 13553 | Lair:3   | Found a runed translucent gate.
 13554 | Lair:3   | Found a runed translucent gate.
 13555 | Lair:3   | Noticed Yjeari's ghost (journeyman GrMo)
 13556 | Lair:3   | Found a viscous altar of Jiyva.
 13931 | Lair:3   | Found a runed door.
 14105 | Lair:4   | Reached XP level 13. HP: 90/90 MP: 18/18
 14172 | Lair:4   | Found a hole to the Spider Nest.
 14292 | Lair:4   | Reached skill level 15 in Long Blades
 14701 | Lair:4   | Reached skill level 16 in Long Blades
 14897 | Lair:4   | Reached skill level 17 in Long Blades
 15046 | Lair:4   | Reached **** piety under Hepliaklqana
 15470 | Lair:5   | Found a staircase to the Elven Halls.
 15535 | Lair:5   | Reached skill level 18 in Long Blades
 16104 | Lair:5   | Reached XP level 14. HP: 96/96 MP: 17/19
 16357 | Lair:6   | Entered Level 6 of the Lair of Beasts
 16510 | Lair:6   | Reached skill level 19 in Long Blades
 17156 | Lair:6   | Reached skill level 9 in Dodging
 17529 | Lair:6   | Reached skill level 8 in Armour
 17529 | Lair:6   | Found a large runed door.
 17529 | Lair:6   | Found a large runed door.
 17549 | Lair:6   | Reached ***** piety under Hepliaklqana
 17571 | Lair:6   | Found a burning altar of Makhleb.
 17627 | Lair:6   | Found a gateway to Hell.
 18091 | D:9      | Reached skill level 10 in Fighting
 18227 | D:9      | Found a transporter.
 18228 | D:9      | Noticed AndrolTheGreedy's ghost (novice GrFi)
 18232 | D:9      | Found a transporter.
 18358 | D:9      | Found a stormy altar of Qazlal.
 18563 | D:9      | Found a snail-covered altar of Cheibriados.
 18686 | D:10     | Entered Level 10 of the Dungeon
 18688 | D:10     | Found an opulent altar of Gozag.
 18706 | D:10     | Found a staircase to the Orcish Mines.
 18783 | D:10     | Found an ornate altar of the Wu Jian Council.
 19115 | D:10     | Reached skill level 10 in Dodging
 19552 | D:11     | Reached XP level 15. HP: 90/104 MP: 20/20
 19798 | D:11     | Reached skill level 9 in Armour
 20094 | D:11     | Noticed Gastronok
 20099 | D:11     | Killed Gastronok
 20517 | D:12     | Entered Level 12 of the Dungeon
 20588 | D:12     | Noticed kosoiffoigrumme1174's ghost (journeyman VSCK)
 20883 | D:12     | Noticed Maurice
 20891 | D:12     | Killed Maurice
 20912 | D:12     | Reached skill level 11 in Dodging
 20975 | D:12     | Reached skill level 11 in Fighting
 21025 | D:12     | Found a staircase to the Depths.
 21113 | D:12     | Reached ****** piety under Hepliaklqana
 21120 | D:12     | Reached skill level 10 in Armour
 21447 | D:12     | Found a runed translucent gate.
 21448 | D:12     | Found a runed translucent gate.
 21448 | D:12     | Found a runed translucent gate.
 21587 | D:12     | Reached skill level 12 in Fighting
 21626 | D:12     | Found a gate to the Vaults.
 21881 | Orc      | Entered the Orcish Mines
 21882 | Orc      | Found a staircase to the Slime Pits.
 21882 | Orc      | Found a viscous altar of Jiyva.
 22035 | Orc      | Found a runed translucent gate.
 22035 | Orc      | Found a runed translucent gate.
 22038 | Orc      | Found a runed translucent gate.
 22039 | Orc      | Noticed spaghetti100's ghost (journeyman MiFi)
 22110 | Orc      | Found Kas Taps's Antique Armour Shop.
 22353 | Orc      | Found Somil's Food Emporium.
 22353 | Orc      | Found Toewav's Distillery.
 22357 | Orc      | Found Amehiar's Antique Armour Shoppe.
 22361 | Orc      | Found Narogy's General Store.
 22380 | Orc      | Bought a scroll of fog for 28 gold pieces
 22382 | Orc      | Bought 2 potions of curing for 80 gold pieces
 22382 | Orc      | Bought a potion of agility for 64 gold pieces
 22694 | Orc      | Upgraded the game from bcrawl-1.39.2 to bcrawl-1.40
 22783 | Orc      | Bought a potion of curing for 40 gold pieces
 22783 | Orc      | Bought a potion of curing for 40 gold pieces
 22783 | Orc      | Bought a potion of curing for 40 gold pieces
 22783 | Orc      | Bought a potion of curing for 40 gold pieces
 22783 | Orc      | Bought a potion of might for 64 gold pieces
 22785 | Orc      | Bought the +6 scale mail of Caikim {rCorr} for 652 gold
                  | pieces
 22785 | Orc      | Bought a scroll of summoning for 140 gold pieces
 22785 | Orc      | Bought a potion of might for 56 gold pieces
 22890 | D:6      | Bought a wand of acid (6) for 168 gold pieces
 22890 | D:6      | Bought a wand of iceblast (7) for 144 gold pieces
 22890 | D:6      | Bought a wand of scattershot (8) for 324 gold pieces
 23003 | Swamp:1  | Entered Level 1 of the Swamp
 23352 | Swamp:1  | Got a heavily runed brass ring
 23354 | Swamp:1  | Identified the ring "Fugebri" {Ice MR+ Int+4 Dex-4} (You
                  | found it on level 1 of the Swamp)
 23397 | Swamp:1  | Reached XP level 16. HP: 116/116 MP: 21/21
 23826 | Swamp:2  | Identified the +0 pair of boots of the Depths {rC+ Str+4
                  | Stlth-} (You acquired it on level 2 of the Swamp)
 23995 | Swamp:2  | Reached skill level 12 in Dodging
 24121 | Swamp:2  | Noticed a thorn hunter
 24131 | Swamp:2  | Killed a thorn hunter
 24132 | Swamp:2  | Reached skill level 11 in Armour
 24255 | Swamp:2  | Reached skill level 13 in Fighting
 24268 | Swamp:2  | Noticed a thorn hunter
 24269 | Swamp:2  | Noticed a thorn hunter
 24281 | Swamp:2  | Killed a thorn hunter
 24284 | Swamp:2  | Killed a thorn hunter
 24301 | Swamp:2  | Reached skill level 13 in Dodging
 24327 | Swamp:2  | Noticed a thorn hunter
 24335 | Swamp:2  | Killed a thorn hunter
 24613 | Swamp:2  | Reached skill level 14 in Dodging
 25007 | Swamp:3  | Entered Level 3 of the Swamp
 25046 | Swamp:3  | Found a frozen archway.
 25051 | IceCv    | Entered an ice cave
 25354 | IceCv    | Reached skill level 15 in Dodging
 25782 | IceCv    | Reached XP level 17. HP: 123/123 MP: 22/22
 25795 | IceCv    | Reached skill level 16 in Dodging
 26719 | Swamp:3  | Noticed the 27-headed Lernaean hydra
 26770 | Swamp:3  | Identified a lightning rod (4/4) (You found it in an ice
                  | cave)
 26770 | Swamp:3  | Got a decaying rune of Zot
 26788 | Swamp:3  | Killed the 27-headed Lernaean hydra
 26861 | Swamp:3  | Reached skill level 17 in Dodging
 26888 | Swamp:3  | Noticed Roxanne
 26940 | Swamp:3  | Killed Roxanne
 27002 | Swamp:3  | Reached skill level 12 in Armour
 27021 | Swamp:3  | Reached XP level 18. HP: 130/130 MP: 23/23
 27168 | Swamp:3  | Reached skill level 14 in Fighting
 27179 | Swamp:3  | Learned a level 6 spell: Statue Form
 27860 | Spider:1 | Entered Level 1 of the Spider Nest
 27907 | Spider:1 | Reached skill level 1 in Transmutations
 27907 | Spider:1 | Reached skill level 1 in Earth Magic
 27912 | Spider:1 | Reached skill level 1 in Spellcasting
 28041 | Spider:1 | Reached skill level 2 in Transmutations
 28203 | Spider:1 | Reached skill level 2 in Earth Magic
 28344 | Spider:1 | Reached skill level 2 in Spellcasting
 28569 | Spider:2 | Reached skill level 3 in Transmutations
 28574 | Spider:2 | Noticed Nikola
 28596 | Spider:2 | Killed Nikola
 28597 | Spider:2 | Reached skill level 3 in Spellcasting
 28597 | Spider:2 | Reached skill level 3 in Earth Magic
 28751 | Spider:2 | Reached skill level 4 in Transmutations
 28864 | Spider:2 | Reached skill level 4 in Earth Magic
 29411 | Spider:3 | Entered Level 3 of the Spider Nest
 29429 | Spider:3 | Reached skill level 4 in Spellcasting
 29493 | Spider:3 | Reached skill level 5 in Transmutations
 29606 | Spider:3 | Noticed Arachne
 29617 | Spider:3 | Killed Arachne
 29618 | Spider:3 | Reached skill level 5 in Earth Magic
 29694 | Spider:2 | Reached skill level 6 in Transmutations
 29699 | Spider:2 | Reached skill level 5 in Spellcasting
 29955 | Spider:2 | Reached skill level 6 in Earth Magic
 30329 | Spider:3 | Reached skill level 7 in Transmutations
 30504 | Spider:3 | Reached skill level 6 in Spellcasting
 30681 | Spider:3 | Reached skill level 7 in Earth Magic
 30854 | Spider:3 | Got a gossamer rune of Zot
 30969 | Spider:3 | Reached skill level 8 in Transmutations
 31004 | Spider:3 | Identified the +3 flail of Bile {holy, rC+}
 31319 | Elf:1    | Entered Level 1 of the Elven Halls
 31532 | Elf:1    | Noticed Frances
 31544 | Elf:1    | Reached XP level 19. HP: 93/136 MP: 26/28
 31545 | Elf:1    | Killed Frances
 31559 | Elf:1    | Reached skill level 8 in Earth Magic
 31607 | Elf:1    | Reached skill level 9 in Transmutations
 31659 | Elf:1    | Identified the +12 halberd "Kiumut" {chop, *Noise rElec rN+
                  | Str+2}
 31776 | Elf:1    | Identified the ring "Viumeit" {+Blink MR+}
 32066 | Elf:1    | Reached skill level 9 in Earth Magic
 32310 | Elf:2    | Identified the +3 demon blade of the Scavenger {flame,
                  | *Slow rPois Str+4 Dex+6} (You acquired it on level 2 of the
                  | Elven Halls)
 32310 | Elf:2    | Identified the +0 buckler of Haunted Beauty {rF+ rN++ MR+}
                  | (You acquired it on level 2 of the Elven Halls)
 32310 | Elf:2    | Identified the amulet of Xisitza {Faith rN+ Int+4 Dex+3}
                  | (You acquired it on level 2 of the Elven Halls)
 32349 | Elf:2    | Reached skill level 10 in Transmutations
 32626 | Elf:3    | Entered Level 3 of the Elven Halls
 32763 | Elf:2    | Found a runed gate.
 32763 | Elf:2    | Found a runed gate.
 32776 | Elf:2    | Found a runed gate.
 32910 | Elf:2    | Reached skill level 10 in Earth Magic
 32994 | Elf:2    | Noticed Saint Roka
 33003 | Elf:2    | Killed Saint Roka
 33004 | Elf:2    | Reached skill level 11 in Transmutations
 33644 | Elf:2    | Reached skill level 11 in Earth Magic
 34171 | Vaults:1 | Entered Level 1 of the Vaults
 34176 | Vaults:1 | Reached skill level 12 in Transmutations
 34301 | Vaults:1 | Reached XP level 20. HP: 143/143 MP: 29/29
 34321 | Vaults:1 | Reached skill level 12 in Earth Magic
 34334 | Vaults:1 | Reached skill level 13 in Transmutations
 34696 | Vaults:1 | Reached skill level 15 in Fighting
 34931 | Vaults:1 | Found a runed translucent gate.
 34931 | Vaults:1 | Found an ancient bone altar of Kikubaaqudgha.
 34931 | Vaults:1 | Found a runed translucent gate.
 34931 | Vaults:1 | Noticed an ancient lich
 34932 | Vaults:1 | Found a runed translucent gate.
 34932 | Vaults:1 | Noticed an ancient lich
 34932 | Vaults:1 | Noticed Bailed's ghost (veteran MiMo)
 34933 | Vaults:1 | Noticed kosoiffoigrumme1174's ghost (adept VSMo)
 35022 | Vaults:1 | Reached skill level 16 in Fighting
 35322 | Vaults:2 | Reached skill level 17 in Fighting
 35336 | Vaults:2 | Learned a level 5 spell: Irradiate
 35612 | Vaults:2 | Reached skill level 1 in Conjurations
 35612 | Vaults:2 | Noticed Zenata
 35684 | Vaults:2 | Reached skill level 2 in Conjurations
 35697 | Vaults:2 | Reached skill level 7 in Spellcasting
 35767 | Vaults:2 | Reached skill level 3 in Conjurations
 35821 | Vaults:2 | Noticed Mennas
 35822 | Vaults:2 | Reached skill level 4 in Conjurations
 35888 | Vaults:2 | Killed Zenata
 35937 | Vaults:2 | Reached skill level 5 in Conjurations
 35947 | Vaults:2 | HP: 27/196 [hell knight/+3 glaive of chopping (12)]
 35947 | Vaults:2 | HP: 13/196 [hell beast[a hell knight] (5)]
 37106 | Orc      | Bought a scroll of enchant weapon for 105 gold pieces
 37500 | Elf:3    | Found Xuzank's Weapon Shoppe.
 37500 | Elf:3    | Found Avituock's General Store.
 37517 | Elf:3    | Bought a scroll of blinking for 105 gold pieces
 37517 | Elf:3    | Bought a wand of iceblast (10) for 231 gold pieces
 37631 | Elf:3    | Reached skill level 20 in Long Blades
 37832 | Elf:3    | Reached XP level 21. HP: 156/156 MP: 31/31
 39373 | Elf:3    | Reached skill level 21 in Long Blades
 39428 | Elf:3    | Identified the +2 war axe of the Sky {freeze, rN+ Dex+6}
 39469 | Elf:3    | Identified the +6 flail "Uzewunaj" {freeze, +Rage Int+3}
 39847 | Elf:3    | Identified the +5 halberd "Ditaigel" {pain, rPois}
 40788 | Elf:3    | Identified the +0 scale mail "Zishooqe" {Dex+2}
 40853 | Elf:3    | Identified the +8 hunting sling of Xom's Regard {flame,
                  | Str+6 SInv}
 40862 | Elf:3    | Identified the cursed +0 pair of boots "Cuecvoa" {rElec MR+
                  | MP-9 SInv}
 41911 | Vaults:2 | HP: 22/202 [Mennas/+1 trishula of holy wrath (20)]
 41911 | Vaults:2 | HP: 7/202 [Mennas/+1 trishula of holy wrath (15)]
 42092 | Vaults:2 | Found a staircase to the Crypt.
 42097 | Crypt:1  | Entered Level 1 of the Crypt
 42193 | Crypt:1  | Reached skill level 22 in Long Blades
 42585 | Crypt:1  | Reached skill level 23 in Long Blades
 43064 | Crypt:2  | Entered Level 2 of the Crypt
 43313 | Crypt:2  | Found a staircase to the Tomb.
 43464 | Crypt:2  | Reached XP level 22. HP: 163/163 MP: 20/32
 43597 | Crypt:2  | Reached skill level 18 in Fighting
 43679 | Crypt:2  | Learned a level 5 spell: Lee's Rapid Deconstruction
 43706 | Crypt:2  | Learned a level 2 spell: Passwall
 43711 | Crypt:2  | Learned a level 4 spell: Petrify
 44292 | Crypt:2  | Identified the +0 chain mail "Fofus" {MP+9 Int+4}
 44293 | Crypt:2  | Identified the Collected Works on Battle Magic
 44584 | Depths:1 | Entered Level 1 of the Depths
 44740 | Depths:1 | Reached skill level 18 in Dodging
 44817 | Depths:1 | Noticed Mara
 44834 | Depths:1 | Killed Mara
 44835 | Depths:1 | Reached skill level 8 in Spellcasting
 44901 | Depths:1 | Noticed Sojobo
 44927 | Depths:1 | Reached skill level 13 in Earth Magic
 44986 | Depths:1 | Identified the +3 faerie dragon scales {rCorr MP+5 Str+4
                  | Dex+3}
 44986 | Depths:1 | Noticed the Enchantress
 44989 | Depths:1 | Killed the Enchantress
 45160 | Depths:1 | Found a one-way gate leading to the halls of Pandemonium.
 45381 | Depths:1 | Reached skill level 8 in Evocations
 45653 | Orc      | Bought a scroll of silence for 105 gold pieces
 47048 | Depths:1 | Killed Sojobo
 47297 | Depths:2 | Reached skill level 9 in Evocations
 47331 | Depths:1 | Reached skill level 13 in Armour
 47544 | Depths:2 | Reached XP level 23. HP: 171/171 MP: 35/35
 47611 | Depths:2 | Reached skill level 10 in Evocations
 47622 | Depths:2 | Learned a level 3 spell: Confuse
 47667 | Depths:2 | Reached skill level 1 in Hexes
 47670 | Depths:2 | Reached skill level 2 in Hexes
 47714 | Depths:2 | Noticed Xtahua
 47930 | Depths:2 | Killed Xtahua
 47931 | Depths:2 | Reached skill level 4 in Hexes
 47931 | Depths:2 | Found the +6 fire dragon scales of Xtahua {rF+++ rC- MR+}
 48217 | Depths:2 | Reached skill level 5 in Hexes
 48585 | Depths:3 | Reached skill level 6 in Hexes
 48647 | Depths:3 | Reached skill level 11 in Evocations
 48650 | Depths:2 | Noticed a caustic shrike
 48654 | Depths:2 | Reached skill level 7 in Hexes
 48892 | Depths:2 | Killed a caustic shrike
 48893 | Depths:2 | Reached skill level 8 in Hexes
 48922 | Depths:2 | Reached skill level 9 in Hexes
 48966 | Depths:2 | Found a hide-covered altar of Uskayaw.
 48966 | Depths:2 | Noticed a caustic shrike
 48967 | Depths:2 | Noticed a caustic shrike
 48975 | Depths:2 | Killed a caustic shrike
 48976 | Depths:2 | Reached skill level 10 in Hexes
 48978 | Depths:2 | Killed a caustic shrike
 49055 | Depths:2 | Identified the amulet "Librityr" {RegenMP rC- Int+4 Stlth+}
                  | (You acquired it on level 2 of the Depths)
 49123 | Depths:2 | Identified the ring of Fragile Peace {AC+2 Str+4 Dex+2}
                  | (You acquired it on level 2 of the Depths)
 49132 | Depths:2 | Learned a level 6 spell: Invisibility
 49137 | Depths:2 | Learned a level 4 spell: Cause Fear
 49243 | Depths:3 | Reached skill level 4 in Invocations
 49370 | Depths:3 | Reached skill level 11 in Hexes
 49454 | Depths:3 | Found Fysh's Armour Shoppe.
 49468 | Depths:3 | Bought a +1 pair of boots of running for 584 gold pieces
 49563 | Depths:3 | Reached skill level 5 in Invocations
 49642 | Depths:3 | Reached skill level 9 in Spellcasting
 49722 | Depths:3 | Found a portal to a secret trove of treasure.
 49887 | Depths:3 | Reached skill level 12 in Hexes
 49912 | Depths:3 | Noticed a Killer Klown
 49915 | Depths:3 | Killed a Killer Klown
 49916 | Depths:3 | Reached skill level 6 in Invocations
 50009 | Depths:3 | Reached XP level 24. HP: 177/177 MP: 36/36
 50051 | Depths:3 | Identified the Grimoire of Creative Enchantment
 50093 | Depths:3 | Reached skill level 13 in Hexes
 50093 | Depths:3 | Reached skill level 7 in Invocations
 50255 | Depths:4 | Reached skill level 14 in Hexes
 50379 | Depths:4 | Found a one-way gate to the infinite horrors of the Abyss.
 50413 | Depths:4 | Noticed a juggernaut
 50418 | Depths:4 | Killed a juggernaut
 50691 | Depths:4 | Noticed a Killer Klown
 50706 | Depths:4 | Killed a Killer Klown
 50707 | Depths:4 | Reached skill level 19 in Fighting
 50820 | Depths:4 | Identified the ring "Taijystruiri" {Fire +Inv}
 50827 | Depths:4 | Identified the Incunabulum of Displaced Unholy Rites
 50937 | Depths:4 | Noticed a juggernaut
 50944 | Depths:4 | Killed a juggernaut
 50945 | Depths:4 | Reached skill level 12 in Evocations
 51233 | Depths:5 | Entered Level 5 of the Depths
 51308 | Depths:5 | Reached skill level 14 in Armour
 51447 | Depths:5 | Found a gate to the Realm of Zot.
 51447 | Depths:5 | Noticed a golden dragon
 51447 | Depths:5 | Noticed a golden dragon
 51564 | Depths:5 | Paralysed by a floating eye for 4 turns
 51724 | Depths:5 | Reached skill level 20 in Fighting
 51748 | Depths:5 | Killed a golden dragon
 51749 | Depths:5 | Reached XP level 25. HP: 189/189 MP: 36/36
 51759 | Depths:5 | Killed a golden dragon
 51849 | Depths:5 | Found a gateway to a ziggurat.
 51859 | Depths:5 | Reached skill level 13 in Evocations
 53850 | Vaults:3 | Entered Level 3 of the Vaults
 54144 | Vaults:3 | Reached skill level 21 in Fighting
 54292 | Vaults:3 | Got a silver rune of Zot
 54497 | Vaults:3 | Reached skill level 22 in Fighting
 54545 | Vaults:3 | Learned a level 7 spell: Discord
 55147 | Vaults:3 | Reached skill level 15 in Hexes
 55164 | Vaults:3 | Identified the amulet "Segauhux" {Acrobat Int+2}
 55537 | Zot:1    | Entered Level 1 of the Realm of Zot
 55709 | Zot:1    | Reached skill level 16 in Hexes
 55709 | Zot:1    | Reached XP level 26. HP: 201/201 MP: 36/36
 56025 | Zot:1    | Reached skill level 17 in Hexes
 56134 | Zot:1    | Noticed a golden dragon
 56139 | Zot:1    | Killed a golden dragon
 56770 | Zot:2    | Reached skill level 19 in Dodging
 56972 | Zot:2    | Reached skill level 18 in Hexes
 57191 | Zot:3    | Reached skill level 20 in Dodging
 57277 | Zot:4    | Reached skill level 24 in Long Blades
 57388 | Zot:5    | Entered Level 5 of the Realm of Zot
 57473 | Zot:5    | Reached skill level 25 in Long Blades
 57573 | Zot:5    | Noticed Enish's ghost (legendary FrFi)
 57592 | Zot:5    | Found a transporter.
 57608 | Zot:5    | Found a transporter.
 57608 | Zot:5    | Noticed a golden dragon
 57708 | Zot:5    | Noticed an ancient lich
 57714 | Zot:5    | Killed an ancient lich
 57718 | Zot:5    | Reached skill level 26 in Long Blades
 57803 | Zot:5    | Noticed an ancient lich
 57804 | Zot:5    | Noticed an ancient lich
 57808 | Zot:5    | Killed an ancient lich
 57811 | Zot:5    | Killed an ancient lich
 57833 | Zot:5    | Reached XP level 27. HP: 207/207 MP: 29/36
 57874 | Zot:5    | Noticed an ancient lich
 57883 | Zot:5    | Killed an ancient lich
 57891 | Zot:5    | Reached skill level 27 in Long Blades
 58415 | Zot:5    | Noticed an orb of fire
 58418 | Zot:5    | Gained mutation: Your magical capacity is low. (-10% MP)
                  | [an orb of fire]
 58424 | Zot:5    | Killed an orb of fire
 58504 | Zot:5    | Noticed an ancient lich
 58509 | Zot:5    | Killed an ancient lich
 58667 | Zot:5    | Got the Orb of Zot
 58668 | Zot:5    | Noticed Nipaosm the pandemonium lord
 58673 | Zot:5    | Killed Nipaosm the pandemonium lord
 58679 | Zot:5    | Noticed an ancient lich
 58687 | Zot:5    | Killed an ancient lich
 58688 | Zot:5    | Reached skill level 14 in Evocations
 58698 | Zot:5    | Noticed an orb of fire
 58708 | Zot:5    | Killed an orb of fire
 58775 | Zot:4    | Noticed Byetammo the pandemonium lord
 58784 | Zot:4    | Killed Byetammo the pandemonium lord
 58828 | Zot:2    | Reached skill level 15 in Armour
 58847 | Zot:1    | Noticed a seraph
 59118 | D:7      | Noticed Erresi Neis the pandemonium lord
 59129 | D:6      | Killed Erresi Neis the pandemonium lord
 59197 | D:4      | Reached skill level 21 in Dodging
 59261 | D:$      | Escaped with the Orb!

Skill      XL: |  1  2  3  4  5  6  7  8  9 10 11 12 13 14 15 16 17 18 19 20 21 22 23 24 25 26 27 |
---------------+----------------------------------------------------------------------------------+-----
Fighting       | 1 2 3 4 6 7 8 9 10 12 13 14 17 18 20 22 | 22.6
Stealth        | 5 6 |  6.0
Short Blades   | 1 2 4 5 6 7 9 10 | 10.0
Dodging        | 4 6 7 8 10 11 15 17 18 20 21 | 21.0
Evocations     | 2 6 7 9 11 12 13 14 | 14.5
Armour         | 6 7 8 10 11 12 13 14 15 | 15.1
Invocations    | 3 6 7 |  7.0
Long Blades    | 9 14 18 19 20 23 26 27 | 27.0
Transmutations | 8 12 13 | 13.0
Earth Magic    | 7 11 12 13 | 13.0
Spellcasting   | 6 7 8 9 |  9.0
Conjurations   | 5 |  5.0
Hexes          | 12 14 16 18 | 18.0
Maces & Flails | |  0.7

Action                   |  1- 3 |  4- 6 |  7- 9 | 10-12 | 13-15 | 16-18 | 19-21 | 22-24 | 25-27 || total
-------------------------+-------+-------+-------+-------+-------+-------+-------+-------+-------++-------
Melee: Whip              |   106 |       |       |       |       |       |       |       |       ||   106
       Bite              |    11 |    13 |    26 |    86 |    52 |    48 |    75 |    68 |    73 ||   452
       Dagger            |    21 |   273 |   395 |    20 |       |       |       |       |       ||   709
       Short sword       |       |       |       |   741 |    75 |       |       |       |       ||   816
       Great sword       |       |       |       |    82 |   886 |   691 |   756 |       |       ||  2415
       Triple sword      |       |       |       |       |       |       |   214 |   733 |   543 ||  1490
 Fire: Blowgun           |       |       |    15 |     2 |       |       |     2 |       |       ||    19
Throw: Tomahawk          |       |       |    34 |    10 |     2 |    93 |   107 |    50 |    26 ||   322
       Javelin           |       |       |     9 |     1 |       |       |       |       |       ||    10
 Cast: Statue Form       |       |       |       |       |       |       |     3 |     1 |       ||     4
       Lee's Rapid Decon |       |       |       |       |       |       |       |     4 |     1 ||     5
       Invisibility      |       |       |       |       |       |       |       |     2 |    12 ||    14
       Cause Fear        |       |       |       |       |       |       |       |     2 |     1 ||     3
       Irradiate         |       |       |       |       |       |       |       |     2 |       ||     2
       Confuse           |       |       |       |       |       |       |       |     1 |     3 ||     4
       Discord           |       |       |       |       |       |       |       |       |     4 ||     4
Invok: Ancestor Identity |       |       |       |     1 |       |       |       |       |       ||     1
       Recall Ancestor   |       |       |       |     4 |       |     3 |     5 |     1 |     5 ||    18
       Ancestor Life: Ba |       |       |       |     1 |       |       |       |       |       ||     1
       Transference      |       |       |       |       |       |     3 |     8 |     7 |    16 ||    34
       Incarnate         |       |       |       |       |       |       |       |     1 |       ||     1
 Abil: Evoke Invisibilit |       |       |     3 |    14 |    12 |    13 |     5 |       |       ||    47
       End Transformatio |       |       |       |       |       |       |     1 |     1 |       ||     2
       Evoke Fog         |       |       |       |       |       |       |     1 |       |     1 ||     2
Evoke: Wand              |       |       |       |     7 |       |     8 |    14 |    10 |     5 ||    44
       Phial of floods   |       |       |       |       |       |     2 |     3 |     1 |     1 ||     7
       Lightning rod     |       |       |       |       |       |       |     9 |     4 |     1 ||    14
       Lamp of fire      |       |       |       |       |       |       |       |     3 |       ||     3
       Sack of spiders   |       |       |       |       |       |       |       |     1 |     1 ||     2
       Box of beasts     |       |       |       |       |       |       |       |       |     3 ||     3
       Phantom mirror    |       |       |       |       |       |       |       |       |     1 ||     1
  Use: Scroll            |     1 |     2 |     3 |    19 |     6 |     7 |    19 |     8 |     8 ||    73
       Potion            |       |       |    18 |    34 |    36 |    28 |    77 |    46 |    52 ||   291
 Stab: Sleeping          |    10 |    17 |     1 |    10 |    17 |     2 |     9 |    10 |     2 ||    78
       Invisible         |       |       |     1 |    18 |    26 |    23 |    17 |     6 |    30 ||   121
       Distracted        |       |       |     1 |     3 |     9 |     6 |    11 |     8 |    10 ||    48
       Confused          |       |       |       |       |       |       |       |     2 |     4 ||     6
Armor: Robe              |    39 |     5 |       |       |       |       |       |       |       ||    44
       Leather armour    |       |    73 |   134 |    10 |       |       |       |       |       ||   217
       Scale mail        |       |       |       |   263 |   319 |   285 |    97 |       |       ||   964
       Skin              |       |       |       |       |       |       |   269 |   340 |   155 ||   764
Dodge: Dodged            |    69 |   127 |   233 |   380 |   685 |   753 |  1043 |   990 |   576 ||  4856
Block: Other             |       |       |       |     5 |    81 |   102 |   232 |   267 |   166 ||   853

Levels and vault maps discovered:
D:1:      scummos_arrival_simple_crosswalls, layout_rooms, chequers_mini_garden,
          minmay_small_reverse_x
D:2:      layout_rooms, nicolae_overflow_crystal_walls, first_ration,
          chequers_ecumenical_altar_simple, st_stairs_7, uniq_terence
D:3:      layout_loops_ring, minivault_25
D:4:      layout_gridville, temple_fountains, serial_shops,
          kennysheep_mini_moat, nicolae_shop_behind_doors, shop_fountains,
          ebering_ghost_gozag, serial_bayou_crossing
D:5:      layout_basic, lemuel_doored_altar, uniq_menkaure, uniq_edmund,
          uniq_ijyb
D:6:      layout_cave_pools, zin_angel, grunt_temple_overflow_open,
          serial_gnoll_camp, gnoll_camp_huts_basic, gnoll_camp_mini_doghouse,
          grums_kennel, gnoll_camp_mini_shop, guppyfry_early_elven_hall,
          uniq_grinder, uniq_duvessa, uniq_eustachio, uniq_pikel
D:7:      layout_basic, grunt_temple_overflow_growth_and_decay,
          nicolae_wu_jian_wuxing_cycle, grunt_ogre_cave,
          kennysheep_pointless_box, wad_floor_pattern_untrapped,
          nicolae_elemental_shop, grunt_decor_arrowhead
D:8:      layout_loops_ring, david_lair_generic
D:9:      layout_loops_ring, nicolae_qazlal_eye_of_the_storm, kennysheep_mini,
          gammafunk_ghost_smash
D:10:     layout_irregular_city, david_orc_2, basic_altar, serial_column_ruins,
          column_ruins_circle_medium, column_ruins_corridor_corner,
          column_ruins_columns_straight, column_ruins_grid_1,
          column_ruins_grid_4, column_ruins_open_tiny, grunt_gozag_statues
D:11:     layout_irregular_city, uniq_gastronok
D:12:     gammafunk_depths_entry_grave, layout_loops_corners,
          grunt_vaults_entry_tiered, minmay_misc_feat_x, gammafunk_ghost_split,
          uniq_maurice
Temple:   jpeg_temple_island
Lair:1:   layout_roguey, nicolae_volcano_entry_batcave, grunt_megastairs_4
Lair:2:   layout_long_grid, palyth_hydra_swamp_entry, gauntlet_entry_generic,
          serial_bayou_shore_b, grunt_megastairs_5, serial_bayou_shore_b
Lair:3:   gammafunk_lair_enchanted_lake, layout_loops_ring,
          gammafunk_ghost_ooze, uniq_urug
Lair:4:   layout_regular_city, spider_nest_entry_webs, serial_bayou_shore_b,
          infiniplex_staircase_pool
Lair:5:   layout_cave_pods, minmay_lair_drake_nest, lemuel_fruit_tree
Lair:6:   evil_forest, layout_long_grid, grunt_lair_small_clearing_treed
Swamp:1:  layout_basic_swamp, evilmike_swamp_ruin_house_1
Swamp:2:  nicolae_swamp_phyte_club, layout_basic_swamp,
          evilmike_swamp_ruin_house_2
Swamp:3:  swamp_old_school, layout_basic_swamp, portal_ice_cave_entry_pillars_1,
          uniq_roxanne
Spider:1: layout_spider_delve
Spider:2: layout_spider_delve, spider_trap, hangedman_spider_tarantella_strand,
          uniq_nikola
Spider:3: johnstein_spider_rune_arachne_lair
Orc:      st_orc_mages, layout_diamond_mine, slime_altar_1, serial_shops,
          nicolae_shop_waterfront, ebering_ghost_rock_garden
Elf:1:    nicolae_elf_arrival_no_cutting_in_line, layout_loops_ring,
          minivault_28, uniq_frances
Elf:2:    nicolae_elf_blades_splatter_lattice [infiniplex_blade_entry_pillars],
          layout_rooms, small_chamber_with_monster, uniq_saint_roka
Elf:3:    elf_hall_gauntlet_wide, layout_geoelf_octagon, minmay_shoptagon
Vaults:1: gammafunk_vaults_ghost_crypt, v_misc_30,
          ontoclasm_vaults_loading_screen, nicolae_vaults_minivaults, v_misc_17,
          v_misc_9, ontoclasm_vaults_chip, v_misc_4, vaults_room_fours,
          v_misc_4, ontoclasm_vaults_fault, vaults_room_door_ring,
          layout_vaults_maze
Vaults:2: blue_anna_dwarven_crypt, nicolae_vaults_gold_heap, v_misc_2,
          nicolae_vaults_display_case, vaults_room_semicircle,
          vaults_room_grunt_arrival_ludios, vaults_room_fours,
          ontoclasm_vaults_chip, nicolae_vaults_specimen_jars,
          nicolae_vaults_bisected_slash, hangedman_vaults_slice,
          layout_vaults_chaotic_city, uniq_mennas, uniq_zenata
Vaults:3: serial_shops
Crypt:1:  layout_regular_city
Crypt:2:  due_elkab, layout_chaotic_city
Depths:1: layout_gridlike, grunt_pan_entry_in_and_out, hell_entry,
          nicolae_wwwww, grunt_tough_drop, uniq_enchantress, uniq_sojobo,
          uniq_mara
Depths:2: regret_index_uskayaw_diablada_macabre, layout_basic,
          rand_demon_pan_entry_4, hell_entry, hangedman_abyss_or_decor_clamps,
          uniq_xtahua
Depths:3: minmay_the_grid_square_5x5_3x3 [minmay_the_grid_square_5x5_n,
          minmay_the_grid_square_5x5_mess, minmay_the_grid_square_5x5_z,
          minmay_the_grid_square_5x5_checkered_statues,
          minmay_the_grid_square_5x5_megaprize_crossed,
          minmay_the_grid_square_5x5_checkered,
          minmay_the_grid_square_5x5_two_walls_a,
          minmay_the_grid_square_5x5_two_small,
          minmay_the_grid_square_5x5_trominoes], layout_gridlike,
          minmay_strange_pillars, serial_shops, nicolae_shop_waterfront,
          pan_entry, grunt_hell_horde, nicolae_trove_entry_crystal
Depths:4: minmay_fractal_lines_corner, layout_cave_pools,
          serial_sigils_hangedman_leer, grunt_hell_entry_dis_grunt,
          hangedman_abyss_entry_splay
Depths:5: grunt_x_marks_the_spot, layout_gridlike, enter_ziggurat_f,
          pf_hell_entry_tar_spiral, serial_bayou_shore_b
Zot:1:    layout_cathedral_of_symmetry
Zot:2:    layout_gridlike, hangedman_zot_decor_unnerving_road
Zot:3:    kennysheep_room_grid, layout_gridville
Zot:4:    layout_basic, gammafunk_ghost_cemetery
Zot:5:    layout_basic, gammafunk_ghost_berserking_beasts

Table legend:
 A = Turns spent in this place as a percentage of turns spent in the entire game.
 B = Non-inter-level travel turns spent in this place as a percentage of non-inter-level travel turns spent in the entire game.
 C = Inter-level travel turns spent in this place as a percentage of turns spent in this place.
 D = Turns resting spent in this place as a percentage of non-inter-level travel turns spent in this place.
 E = Turns spent auto-exploring this place as a percentage of non-inter-level travel turns spent in this place.
 F = Non-inter-level travel turns spent in this place divided by the number of levels of this place that you've seen.
                   A       B       C       D       E      F
               +-------+-------+-------+-------+-------+----------------------
         Total | 100.0 | 100.0 |  15.2 |  13.4 |  55.6 | 1092.7
       Dungeon |  26.0 |  25.5 |  16.8 |   8.6 |  59.0 | 1067.0
        Temple |   0.1 |   0.1 |   1.4 |   0.0 |  70.8 |  72.0
          Lair |  15.9 |  14.4 |  23.4 |   1.8 |  73.9 | 1202.8
         Swamp |   6.1 |   6.4 |  10.4 |  12.3 |  59.1 | 1072.0
   Spider Nest |   5.7 |   6.2 |   7.3 |  26.0 |  49.9 | 1036.3
  Orcish Mines |   1.9 |   1.8 |  19.8 |   1.2 |  65.3 | 884.0
   Elven Halls |  10.0 |   9.4 |  20.3 |  31.5 |  34.9 | 1571.0
        Vaults |   9.1 |   8.6 |  20.2 |   6.6 |  52.0 | 1440.7
         Crypt |   4.5 |   4.5 |  15.1 |   7.3 |  64.2 | 1135.0
        Depths |  12.0 |  13.0 |   8.4 |  12.0 |  59.6 | 1305.8
           Zot |   5.6 |   6.5 |   1.9 |  34.0 |  30.8 | 654.8
      Ice Cave |   1.9 |   2.3 |   0.0 |  33.0 |  37.5 | 1153.0
      Gauntlet |   1.2 |   1.4 |   0.0 |  10.4 |  41.3 | 700.0
               +-------+-------+-------+-------+-------+----------------------

Table legend:
 A = Kills in this place as a percentage of kills in entire the game.
 B = Kills by you in this place as a percentage of kills by you in the entire game.
 C = Kills by friends in this place as a percentage of kills by friends in the entire game.
 D = Other kills in this place as a percentage of other kills in the entire game.
 E = Experience gained in this place as a percentage of experience gained in the entire game.
 F = Experience gained in this place divided by the number of levels of this place that you have seen.
                   A       B       C       D       E      F
               +-------+-------+-------+-------+-------+----------------------
         Total | 100.0 | 100.0 | 100.0 | 100.0 | 100.0 | 34827.1
       Dungeon |  20.3 |  22.9 |   7.8 |  29.7 |   5.1 | 6809.3
          Lair |  11.1 |  11.9 |   8.9 |   0.0 |   4.8 | 12857.0
         Swamp |   5.7 |   5.9 |   5.3 |   0.0 |   4.3 | 22758.7
   Spider Nest |   6.3 |   5.3 |  10.4 |  10.8 |   4.9 | 26288.3
  Orcish Mines |   3.5 |   3.4 |   4.3 |   2.7 |   0.5 | 8219.0
   Elven Halls |   8.2 |   7.2 |  11.4 |  18.9 |   8.4 | 44822.0
        Vaults |  13.6 |  13.4 |  15.4 |   2.7 |  16.0 | 85189.3
         Crypt |   6.1 |   5.6 |   8.6 |   0.0 |   6.6 | 52570.0
        Depths |  15.7 |  15.9 |  15.7 |  10.8 |  27.3 | 87372.8
           Zot |   6.6 |   5.4 |  10.1 |  24.3 |  21.4 | 68673.8
      Ice Cave |   2.6 |   2.9 |   1.8 |   0.0 |   0.7 | 10500.0
      Gauntlet |   0.2 |   0.2 |   0.3 |   0.0 |   0.1 | 1927.0
               +-------+-------+-------+-------+-------+----------------------
